AoeStats
← AiM | Facu1414

Arabia

510005016Analyzed
4v4 RM · 2d ago on Sep 29, 2026· 40m 43s· 8 players
Game mode
Random Map
Map size
Large (8 player)
Population
200
Speed
Normal
Resources
Standard
Victory
Conquest
Starting age
Dark Age
Ending age
Imperial Age
RankedLock teamsTeams togetherTeam positionsShared explorationLock speedFull tech treeHidden civsTurbo modeCheats
Victory
Defeat
🇧🇷 Ethiopians · Brazil
1727
+11
🇻🇳 Franks · Vietnam
1701
+12
🇧🇷 Sicilians · Brazil
1561
+18
🇨🇴 Magyars · Colombia
1513
+18
🇨🇱 Franks · Chile
1621
-16
🇦🇷 Shu · Argentina
1614
-15
🇦🇷 Ethiopians · Argentina
1591
-14
🇦🇷 Persians · Argentina
1581
-14
Revvv
6:03 Loom
8:53 Feudal Age
9:42 Double-Bit Axe
12:37 Fletching
17:11 Padded Archer Armor
18:07 Horse Collar
19:35 Wheelbarrow
22:12 Castle Age
20:55 Horse Collar
22:34 Gold Mining
22:18 Crossbowman
22:56 Bodkin Arrow
23:27 Thumb Ring
28:16 Ballistics
28:30 Town Watch
AIM | Agua cate 98
1:49 Loom
3:08 Loom
10:59 Feudal Age
23:51 Fletching
25:13 Double-Bit Axe
26:34 Horse Collar
28:15 Wheelbarrow
34:00 Castle Age
33:33 Padded Archer Armor
33:51 Town Watch
34:54 Bodkin Arrow
35:05 Crossbowman
41:27 Hand Cart
AiM | EleuieseKa
6:23 Loom
8:48 Feudal Age
9:47 Double-Bit Axe
14:36 Scale Barding Armor
16:00 Forging
19:15 Wheelbarrow
22:36 Castle Age
21:50 Gold Mining
22:38 Light Cavalry
23:40 Chain Barding Armor
25:15 Iron Casting
26:11 Husbandry
AiM | Facu1414
6:13 Loom
8:57 Feudal Age
9:28 Double-Bit Axe
15:17 Forging
16:23 Scale Barding Armor
23:42 Castle Age
23:02 Bloodlines
23:20 Horse Collar
23:33 Gold Mining
23:29 Light Cavalry
24:53 Chain Barding Armor
24:49 Husbandry
34:07 Iron Casting
dialchacri
6:51 Loom
9:00 Feudal Age
9:52 Double-Bit Axe
9:51 Horse Collar
16:10 Scale Barding Armor
17:45 Wheelbarrow
18:04 Bloodlines
22:51 Castle Age
23:46 Husbandry
23:07 Light Cavalry
24:08 Chain Barding Armor
24:15 Bow Saw
26:45 Heavy Plow
40:12 Town Watch
Fs.Diablo
5:59 Loom
8:34 Feudal Age
9:50 Double-Bit Axe
12:38 Fletching
17:32 Padded Archer Armor
19:12 Wheelbarrow
23:09 Castle Age
22:09 Gold Mining
23:09 Crossbowman
23:46 Bodkin Arrow
24:15 Bow Saw
25:47 Ballistics
29:17 Thumb Ring
29:30 Leather Archer Armor
34:56 Horse Collar
38:08 Imperial Age
36:59 Hand Cart
38:16 Arbalester
38:57 Bracer
40:52 Chemistry
PoopMaster
0:28 Loom
5:58 Loom
26:31 Feudal Age
27:01 Double-Bit Axe
27:01 Horse Collar
28:08 Wheelbarrow
ZiZi
7:24 Loom
9:14 Feudal Age
7:34 Loom
9:49 Double-Bit Axe
16:40 Scale Barding Armor
18:41 Forging
21:49 Castle Age
20:32 Forging
22:52 Chain Barding Armor
23:18 Wheelbarrow
22:37 Gold Mining
22:53 Husbandry
25:44 Bow Saw
28:44 Fletching
38:11 Iron Casting
Connection lost

Rejoining the realm…

Still unreachable

The connection could not be restored.

Session expired

The server has moved on; the page needs a fresh start.